 Dungeon Crawl Stone Soup version 0.22.0-1-g6561e4c (webtiles) character file.

164 Gergoth the Chopper (level 5, -2/47 HPs)
             Began as a Hill Orc Fighter on Aug 12, 2018.
             Slain by a crocodile (8 damage)
             ... on level 3 of the Dungeon.
             The game lasted 00:02:10 (2499 turns).

Gergoth the Chopper (Hill Orc Fighter)              Turns: 2499, Time: 00:02:11

Health: -2/47      AC:  8    Str: 20    XL:     5   Next: 45%
Magic:  5/5        EV:  7    Int:  8    God:
Gold:   177        SH:  9    Dex: 10    Spells: 4/4 levels left

rFire    . . .     SeeInvis .   a - +0 war axe
rCold    . . .     Gourm    .   c - +0 shield
rNeg     . . .     Faith    .   b - +0 scale mail
rPois    .         Spirit   .   (no helmet)
rElec    .         Reflect  .   n - +0 cloak
rCorr    .         Harm     .   (no gloves)
MR       .....                  (no boots)
Stlth    ..........             (no amulet)
HPRegen  0.15/turn              (no ring)
MPRegen  0.09/turn              (no ring)

@: no status effects
A: no striking features
a: no special abilities


You were on level 3 of the Dungeon.
You were hungry.

You visited 1 branch of the dungeon, and saw 4 of its levels.

You collected 177 gold pieces.

Inventory:

Hand Weapons
 a - a +0 war axe (weapon)
Armour
 b - a +0 scale mail (worn)
 c - a +0 shield (worn)
 n - a +0 cloak (worn)
Jewellery
 g - an uncursed ring of protection from cold {unknown}
 i - an uncursed amulet of harm {unknown}
 o - an uncursed ring of stealth {unknown}
Scrolls
 h - 4 scrolls of remove curse {unknown}
 j - 2 scrolls of teleportation {unknown}
 k - a scroll of enchant armour {unknown}
 m - a scroll of enchant weapon {unknown}
 s - a scroll of noise {unknown}
 t - 4 scrolls of fear {unknown}
 v - a scroll of identify {unknown}
Potions
 d - a potion of might
 e - 7 potions of curing {unknown}
 l - 2 potions of mutation {unknown}
 q - a potion of brilliance {unknown}
 r - a potion of agility {unknown}
 u - a potion of lignification {unknown}
Comestibles
 f - 6 rations


   Skills:
 + Level 4.8 Fighting
 * Level 5.4 Axes
 + Level 4.3 Armour
 - Level 3.2 Shields


You had 4 spell levels left.
You didn't know any spells.
Your spell library was empty.

Dungeon Overview and Level Annotations

Branches:
Dungeon (4/15)
 Temple: D:4-7

Altars:
Makhleb
Vehumet


Message History

The crocodile is heavily wounded.
The crocodile bites you but does no damage.
You closely miss the crocodile.
The crocodile is moderately wounded.
The crocodile closely misses you.
You hit the crocodile.
The crocodile is heavily wounded.
The crocodile bites you! You block the crocodile's attack.
You hit the crocodile.
The crocodile is heavily wounded.
The crocodile bites you!
* * * LOW HITPOINT WARNING * * *
You hit the crocodile.
The crocodile is severely wounded.
The crocodile closely misses you.
You are feeling hungry.
You hit the crocodile.
The crocodile is almost dead.
The crocodile bites you!
You die...

......##.# ##.#.# #.# #.....##.#
#.#.# #.# #.....##.# #.#.# #.#
#.....##.# #.#.# ##### #..#######
### #.#.###########8##
#..#8###⌠###8###.#.........##...#
#..............#.#########'#8...8
#................##........##..)#
##.............#@##........##...#
####8###⌠###8###t##........##...#
# ### ####### #h##........#8...8
# #.# #.##........##...# #.#
#.############...# #.# #.# ##...#
#.## #.# #8...8 ####### #..# #.#
##...# [.....# ##.###.# ##....


You could see a crocodile and a jackal.

Vanquished Creatures
  An orc priest (D:3)
  A hound (D:3)
  2 adders
  An adder skeleton (D:2)
  4 worms
  2 dart slugs
  5 orcs (D:3)
  8 bats
  3 giant cockroaches
  7 goblins
  7 hobgoblins
  7 jackals
  A quokka (D:3)
  A ball python (D:1)
  2 frilled lizards (D:3)
  2 kobolds (D:1)
  7 rats
61 creatures vanquished.

Notes
Turn   | Place    | Note
-------+----------+-------------------------------------------
     0 | D:1      | Gergoth the Hill Orc Fighter began the quest for the Orb.
     0 | D:1      | Reached XP level 1. HP: 19/19 MP: 1/1
    61 | D:1      | Reached skill level 3 in Axes
    67 | D:1      | Reached XP level 2. HP: 27/27 MP: 2/2
   542 | D:2      | Reached XP level 3. HP: 28/33 MP: 3/3
   573 | D:2      | Reached skill level 4 in Axes
   833 | D:2      | Found a radiant altar of Vehumet.
   899 | D:2      | Reached XP level 4. HP: 36/40 MP: 4/4
  1330 | D:3      | Found a burning altar of Makhleb.
  1493 | D:3      | Found a faded altar of an unknown god.
  1779 | D:3      | Reached skill level 5 in Axes
  1779 | D:3      | Reached XP level 5. HP: 17/47 MP: 5/5
  2229 | D:4      | Noticed a crocodile
  2499 | D:3      | Slain by a crocodile

Skill      XL: |  1  2  3  4 |
---------------+-------------+-----
Axes           | 3 4 5 |  5.4
Fighting       | 4 |  4.8
Armour         | 4 |  4.3
Shields        | |  3.2

Action                   |  1- 3 |  4- 6 || total
-------------------------+-------+-------++-------
Melee: War axe           |   116 |   104 ||   220
  Eat: Chunk             |       |     5 ||     5
Armor: Scale mail        |    55 |    50 ||   105
Dodge: Dodged            |    37 |    38 ||    75
Block: Shield            |    59 |    45 ||   104
